 Dungeon Crawl Stone Soup version 0.29-a0-529-gfa20dd96a1 (webtiles) character file.

Game seed: 2162607532808992400

2 dolemite99 the Shield-Bearer (level 1, 0/19 HPs)
             Began as a Meteoran Fighter on June 2, 2022.
             Slain by a quokka (4 damage)
             ... on level 1 of the Dungeon.
             The game lasted 00:00:08 (37 turns).

dolemite99 the Shield-Bearer (Meteoran Fighter)       Turns: 37, Time: 00:00:08

Health: 0/19       AC:  6    Str: 17    XL:     1   Next: 42%
Magic:  2/2        EV:  9    Int:  9    God:
Gold:   0          SH:  5    Dex: 13    Spells: 0/0 levels left

rFire   . . .      SeeInvis .   a - +0 flail
rCold   . . .      Faith    .   c - +0 buckler
rNeg    . . .      Spirit   .   b - +0 scale mail
rPois   .          Reflect  .   (no helmet)
rElec   .          Harm     .   (no cloak)
rCorr   .          Rampage  .   (no gloves)
Will    .....                   (no boots)
Stlth   ..........              (no amulet)
HPRegen 0.06/turn               (no ring)
MPRegen 0.08/turn               (no ring)

@: glowing
A: sense surroundings 1, otherworldly, glowing, explore regen
a: no special abilities


You were on level 1 of the Dungeon.
You visited 1 branch of the dungeon, and saw 1 of its levels.

Inventory:

Hand Weapons
 a - a +0 flail (weapon)
Armour
 b - a +0 scale mail (worn)
 c - a +0 buckler (worn)
Potions
 d - a potion of might


   Skills:
 - Level 3.2 Fighting
 + Level 3.0 Maces & Flails
 - Level 3.6 Armour
 - Level 3.6 Shields


You couldn't memorise any spells.
You didn't know any spells.
Your spell library was empty.

Dungeon Overview and Level Annotations

Branches:
Dungeon (1/15)

Altars:


Innate Abilities, Weirdness & Mutations

You passively map a small area around you.
You are easily found by Zot.
You glow in the dark.
You regain HP and MP as you explore.


Message History

The endoplasm jiggles.
You thump the goblin!
You kill the goblin!
The quokka bites you but does no damage.
The endoplasm barely misses you.
Your Maces & Flails skill increases to level 3!
You hit the rat.
The rat is severely wounded.
The quokka bites you but does no damage.
The endoplasm freezes you.
You are frozen.
The rat barely misses you. The quokka completely misses you.
You barely miss the rat.
The rat is severely wounded.
The endoplasm closely misses you. The rat bites you.
You block the quokka's attack.
You barely miss the rat.
The rat is severely wounded.
The quokka closely misses you. The endoplasm freezes you.
You are frozen.
The rat bites you but does no damage.
The quokka bites you but does no damage.
The endoplasm freezes you.
You are frozen.
The rat bites you but does no damage.
You are too injured to fight recklessly!
You are too injured to fight recklessly!
You are too injured to fight recklessly!
You are too injured to fight recklessly!
You barely miss the quokka.
The quokka bites you but does no damage.
The rat bites you but does no damage. The endoplasm freezes you.
You are frozen.
* * * LOW HITPOINT WARNING * * *
The quokka attacks as you move away! The quokka bites you.
* * * LOW HITPOINT WARNING * * *
You block the quokka's attack. The quokka attacks as you move away!
The quokka bites you but does no damage.
You hit the quokka but do no damage. The quokka bites you.
You die...

, #.# , ,, #.......... #.# *
*#+# #..........* * #.# ###
#.# #...)......
#####.#####8###.# #.r†.......
<..........>....# #..........
#####.#####8###.###r#########
#.# ###....J..# , #.#
#.....##r#### * #.#
######*#@# #.# #.# * #.# #.#
* ,### * #.# , , ..# * * ..#
, , ..# , *#..# , ,


You could see an endoplasm and a quokka.

Vanquished Creatures
  A goblin (D:1)
  A rat (D:1)
2 creatures vanquished.

Notes
Turn   | Place    | Note
-------+----------+-------------------------------------------
     0 | D:1      | dolemite99 the Meteoran Fighter began the quest for the
                  | Orb.
     0 | D:1      | Reached XP level 1. HP: 19/19 MP: 2/2
    37 | D:1      | Slain by a quokka

Illustrated notes

Levels and vault maps discovered:
D:1:      lemuel_arrival_cross, layout_basic, basic_ecumenical_altar

Skill      XL: |  1 |
---------------+----+-----
Maces & Flails | 3 |  3.0
Fighting       | |  3.2
Armour         | |  3.6
Shields        | |  3.6

Action                   || total
-------------------------++-------
Melee: Flail             ||     9
Armor: Scale mail        ||    13
Dodge: Dodged            ||     7
Block: Buckler           ||     3

Table legend: (Time is in decaauts)
 A = Elapsed time spent in this place.
 B = Non-inter-level travel time spent in this place.
 C = Inter-level travel time spent in this place.
 D = Time resting spent in this place.
 E = Time spent auto-exploring this place.
 F = Levels seen in this place.
 G = Mean time per level.
                   A        B        C        D        E       F      G
               +--------+--------+--------+--------+--------+-----+--------+
         Total |     39 |     39 |      0 |      0 |     17 |   1 |   39.0 |
       Dungeon |     39 |     39 |      0 |      0 |     17 |   1 |   39.0 |
               +--------+--------+--------+--------+--------+-----+--------+

Top non-repeatable levels by time:
     D:1: 39 daAuts
